 Dungeon Crawl Stone Soup version 0.24.0-123-gd5b16e6ec5 (webtiles) character file.

Game seed: 3551125984986302867, levelgen mode: deterministic

5973 MisterOstroum the Slinger (level 10, -1/51 HPs)
             Began as a Spriggan Arcane Marksman on Jan 11, 2020.
             Was an Elder of Fedhas.
             Blown up by Ijyb (27 damage)
             ... with a disintegration bolt
             ... on level 9 of the Dungeon.
             The game lasted 00:44:28 (14340 turns).

MisterOstroum the Slinger (SpAM)                   Turns: 14340, Time: 00:44:28

Health: -1/51      AC:  2    Str: 11    XL:     10   Next: 55%
Magic:  21/21      EV: 20    Int: 15    God:    Fedhas [****..]
Gold:   283        SH:  0    Dex: 18    Spells: 11/22 levels left

rFire    . . .     SeeInvis +   a - +0 fustibalus
rCold    . . .     Gourm    .   (shield restricted)
rNeg     . . .     Faith    +   f - +0 robe
rPois    .         Spirit   .   (helmet restricted)
rElec    .         Reflect  .   (no cloak)
rCorr    .         Harm     .   (gloves unavailable)
MR       +....                  (boots unavailable)
Stlth    ++++......             Z - amulet of faith
HPRegen  0.17/turn              H - +2 ring of evasion
MPRegen  0.17/turn              F - +3 ring of strength

@: very quick
A: very small, unfitting armour, see invisible, herbivore, speed 3, slow
metabolism 2
a: Wall of Briars, Grow Ballistomycete, Overgrow, Renounce Religion


You were on level 9 of the Dungeon.
You worshipped Fedhas.
Fedhas was greatly pleased with you.
You were not hungry.

You visited 1 branch of the dungeon, and saw 9 of its levels.

You collected 283 gold pieces.

Inventory:

Hand Weapons
 a - a +0 fustibalus (weapon)
 b - a +0 dagger
 K - a +1 shortbow of flaming
Missiles
 d - 27 sling bullets (quivered)
 h - 252 stones
 q - 64 poisoned darts
 A - 81 arrows
 I - 53 bolts
Armour
 f - a +0 robe (worn)
 P - a +0 buckler
Jewellery
 C - an uncursed ring of protection from fire
 F - a +3 ring of strength (right hand)
 G - a +2 ring of evasion
 H - a +2 ring of evasion (left hand)
 N - a cursed amulet of inaccuracy {unknown}
 Z - an amulet of faith (around neck)
Wands
 s - a wand of acid (4)
 B - a wand of digging (5)
 M - a wand of enslavement (6)
Scrolls
 c - 5 scrolls of remove curse {@r2}
 g - 2 scrolls of immolation {unknown}
 k - 4 scrolls of teleportation {unknown}
 o - a scroll of fear {unknown}
 r - 2 scrolls of magic mapping {unknown}
 v - 3 scrolls of enchant weapon {unknown}
 w - 3 scrolls of amnesia {unknown}
 x - a scroll of fog {unknown}
 y - 7 scrolls of identify {unknown}
 J - a scroll of random uselessness {unknown}
 L - a scroll of enchant armour {unknown}
Potions
 i - 2 potions of might {@q3 !q}
 j - 3 potions of lignification {unknown}
 l - 4 potions of flight {unknown}
 m - 2 potions of brilliance {unknown}
 n - 2 potions of curing {@q1 !q}
 p - 5 potions of heal wounds {unknown}
 t - a potion of berserk rage {unknown}
 u - a potion of mutation {unknown}
 z - 3 potions of agility {unknown}
 D - a potion of invisibility {unknown}
 E - a potion of cancellation {unknown}
 O - a potion of ambrosia {unknown}
Comestibles
 e - 15 rations


   Skills:
 - Level 5.0 Fighting
 - Level 4.0 Short Blades
 * Level 9.5 Slings
 - Level 3.0 Dodging
 + Level 8.6 Stealth
 + Level 0.7 Shields
 * Level 6.7 Spellcasting
 * Level 7.6 Hexes
 - Level 5.7 Translocations
 - Level 0.8 Fire Magic
 - Level 2.6 Invocations
 - Level 5.4 Evocations


You had 11 spell levels left.
You knew the following spells:

 Your Spells              Type           Power        Failure   Level  Hunger
a - Corona                Hex            ####...      1%          1    None
c - Inner Flame           Hex/Fire       ###.....     7%          3    ##.....
d - Cause Fear            Hex            ####......   6%          4    ####...
P - Portal Projectile     Hex/Tloc       ####..       2%          3    ##.....

Your spell library contained the following spells:

 Spells                   Type           Power        Failure   Level  Hunger
 Slow                     Hex            ####....     1%          2    None
 Dazzling Spray           Conj/Hex       ###...       9%          3    ##.....
 Magic Dart               Conj           #...         14%         1    None
 Searing Ray              Conj           #.....       21%         2    None
 Fulminant Prism          Conj/Hex       ###.......   28%         4    ####...
 Leda's Liquefaction      Hex/Erth       ###.......   28%         4    ####...
 Force Lance              Conj/Tloc      ##......     38%         4    ####...
 Iskenderun's Mystic Bla  Conj           #.......     80%         4    ####...


Dungeon Overview and Level Annotations

Branches:
Dungeon (9/15)             Temple (0/1) D:5            Lair (0/6) D:9
    Orc: D:9-12

Altars:
Ashenzari
Dithmenos
Fedhas
Gozag
Qazlal
Sif Muna
Trog
Uskayaw
Xom
Yredelemnul

Shops:
D:6 (

Annotations:
D:3 2 transporters, Descartes's ghost, amateur FeMo
D:6 1 runed translucent door, exclusion: door, Bergy's ghost, novice GrFi
D:9 Ijyb


Innate Abilities, Weirdness & Mutations

You are very small and have problems with some larger weapons.
You are too small for most types of armour.
You have supernaturally acute eyesight. (SInv)
You are a herbivore.
You cover ground extremely quickly.
You need to consume almost no food.


Message History

Press: ? - help, Shift-Dir - straight line, f/p - yak
Aim: a yak (heavily wounded, inner flame)
You shoot a sling bullet.
The sling bullet closely misses the yak.
Firing (i - inventory. (/) - cycle)
d - 38 sling bullets (quivered)
Press: ? - help, Shift-Dir - straight line, f/p - yak
Aim: a yak (heavily wounded, inner flame)
You shoot a sling bullet. The sling bullet hits the yak!
The yak is heavily wounded.
You walk carefully through the plants.
Evoke which item? (* to show all) (? for menu, Esc to quit)
Okay, then.
Press: ? - help, v - describe, . - travel
Here: a briar patch (friendly, summoned)
The floor.
Unknown command.
Ijyb hits your briar patch but does no damage.
Firing (i - inventory. (/) - cycle)
d - 37 sling bullets (quivered)
Press: ? - help, Shift-Dir - straight line, f/p - yak
Aim: a yak (heavily wounded, inner flame)
Okay, then.
Firing (i - inventory. (/) - cycle)
d - 37 sling bullets (quivered)
Press: ? - help, Shift-Dir - straight line, f/p - yak
Aim: a yak (heavily wounded, inner flame)
You shoot a sling bullet. The sling bullet hits the yak!
The yak is almost dead.
Firing (i - inventory. (/) - cycle)
d - 36 sling bullets (quivered)
Press: ? - help, Shift-Dir - straight line, f/p - yak
Aim: a yak (almost dead, inner flame)
You shoot a sling bullet.
The sling bullet barely misses the yak. x2
Firing (i - inventory. (/) - cycle)
d - 35 sling bullets (quivered)
Press: ? - help, Shift-Dir - straight line, f/p - yak
Aim: a yak (almost dead, inner flame)
You shoot a sling bullet. The sling bullet hits the yak.
The yak is lightly wounded.
Casting: Inner Flame (safe; 8% risk of failure)
Confirm with . or Enter, or press ? or * to list all spells.
Okay, then.
Firing (i - inventory. (/) - cycle)
d - 34 sling bullets (quivered)
Press: ? - help, Shift-Dir - straight line, f/p - yak
Aim: a yak (almost dead, inner flame)
You shoot a sling bullet.
The sling bullet closely misses the yak.
Firing (i - inventory. (/) - cycle)
d - 33 sling bullets (quivered)
Press: ? - help, Shift-Dir - straight line, f/p - yak
Aim: a yak (almost dead, inner flame)
You shoot a sling bullet. The sling bullet hits the yak!
The yak explodes!
Fedhas accepts your kill.
You hear a croak.
The yak gores you.
You see here a +0 halberd.
Firing (i - inventory. (/) - cycle)
d - 32 sling bullets (quivered)
Press: ? - help, Shift-Dir - straight line, f - yak
Aim: a yak (lightly wounded)
You shoot a sling bullet.
The sling bullet hits the yak but does no damage.
The yak is lightly wounded.
Firing (i - inventory. (/) - cycle)
d - 31 sling bullets (quivered)
Press: ? - help, Shift-Dir - straight line, f/p - yak
Aim: a yak (lightly wounded)
You shoot a sling bullet. The sling bullet hits the yak!
The yak is heavily wounded.
Firing (i - inventory. (/) - cycle)
d - 30 sling bullets (quivered)
Press: ? - help, Shift-Dir - straight line, f/p - yak
Aim: a yak (heavily wounded)
You shoot a sling bullet.
The sling bullet hits the yak but does no damage.
The yak is heavily wounded.
There is a stone staircase leading up here.
Firing (i - inventory. (/) - cycle)
d - 29 sling bullets (quivered)
Press: ? - help, Shift-Dir - straight line, f/p - yak
Aim: a yak (heavily wounded)
You shoot a sling bullet. The sling bullet hits the yak!
The yak is severely wounded.
Firing (i - inventory. (/) - cycle)
d - 28 sling bullets (quivered)
Press: ? - help, Shift-Dir - straight line, f/p - yak
Aim: a yak (severely wounded)
You shoot a sling bullet. The sling bullet hits the yak.
The yak is almost dead.
You climb upwards.
There is a stone staircase leading down here.
There is an escape hatch in the ceiling here.
Magic restored.
You see here a spear.
You see here a +0 flail.
There is an escape hatch in the floor here.
Really go through this one-way escape hatch?
You slide downwards.
The hatch slams shut behind you.
Level annotation: Ijyb A bullfrog comes into view.
Ijyb zaps a wand.
You easily resist.
Ijyb zaps a wand.
You easily resist.
The human shouts!
The bullfrog barely misses you. The bullfrog hits you. The bullfrog hits you!
Ijyb zaps a wand.
You are blasted!
Ouch! That really hurt!
You die...
Fedhas appreciates your contribution to the ecosystem.

..................<.##
..................)###
.######............##.
#...........).#.
#........##.....
#.......).......
#...............
####p..............
#.@....g...........
#.F..#.............
#.#.##...[.........
#.####.#.........(.
.##..# #..#
#.#)#......... Y...#
#### #.....(.(g(..#
#...### #....(.###..)#
####(..#.#
#....####.....
#.#.(....#
#..<.#.#......


You could see a human, Ijyb and a bullfrog.

Vanquished Creatures
  2 two-headed ogres
  A tengu conjurer (D:9)
  2 hippogriffs
  A wyvern (D:8)
  2 humans (D:9)
  3 yaks (D:9)
  A steam dragon (D:8)
  Menkaure (D:4)
  An orc warrior (D:8)
  2 sky beasts
  4 phantoms
  2 ogres
  3 centaurs
  2 big kobolds
  6 bullfrogs
  A scorpion (D:5)
  A howler monkey (D:3)
  A crimson imp (D:7)
  2 bullfrog zombies
  2 quasits
  3 centaur zombies
  3 jellies
  3 centaur skeletons
  2 orc priests
  7 hounds
  2 orc wizards
  4 iguanas
  7 worker ants
  2 hound zombies
  2 worker ant zombies
  7 gnolls
  9 adders
  2 shadow imps
  3 oozes
  4 adder skeletons
  A worm (D:6)
  8 leopard geckos
  12 orcs
  6 bats
  4 giant cockroaches
  7 goblins
  4 hobgoblins
  15 jackals
  13 kobolds
  A quokka (D:3)
  2 ball pythons
  2 ball python zombies (D:3)
  4 frilled lizards
  2 leopard gecko skeletons
  2 rats
183 creatures vanquished.

Vanquished Creatures (others)
  A yak (D:9)
  A human (D:9)
2 creatures vanquished.

Grand Total: 185 creatures vanquished

Notes
Turn   | Place    | Note
-------+----------+-------------------------------------------
     0 | D:1      | MisterOstroum the Spriggan Arcane Marksman began the quest
                  | for the Orb.
     0 | D:1      | Reached XP level 1. HP: 9/9 MP: 3/3
    33 | D:1      | Reached skill level 1 in Stealth
    36 | D:1      | Reached skill level 1 in Fighting
   147 | D:1      | Reached XP level 2. HP: 14/14 MP: 5/5
  1094 | D:2      | Reached XP level 3. HP: 18/18 MP: 6/6
  1099 | D:2      | Learned a level 3 spell: Portal Projectile
  1151 | D:2      | Found a faded altar of an unknown god.
  1158 | D:2      | Became a worshipper of Fedhas Madash
  1158 | D:2      | Reached * piety under Fedhas
  1274 | D:2      | Reached skill level 3 in Slings
  1989 | D:3      | Found a transporter.
  2168 | D:3      | Found a transporter.
  2169 | D:3      | Noticed Descartes's ghost (amateur FeMo)
  2364 | D:3      | Reached skill level 1 in Invocations
  2364 | D:3      | Reached XP level 4. HP: 23/23 MP: 7/7
  2648 | D:3      | Reached skill level 4 in Slings
  2782 | D:3      | Reached ** piety under Fedhas
  2787 | D:3      | Reached XP level 5. HP: 27/27 MP: 8/8
  3321 | D:3      | Found a shimmering altar of Xom.
  3350 | D:3      | Found a shimmering altar of Xom.
  3350 | D:3      | Found a shimmering altar of Xom.
  3457 | D:3      | Found a shimmering altar of Xom.
  3460 | D:3      | Found a shimmering altar of Xom.
  3462 | D:3      | Found a shimmering altar of Xom.
  3462 | D:3      | Found a shimmering altar of Xom.
  3795 | D:3      | Reached XP level 6. HP: 27/32 MP: 9/9
  3899 | D:3      | Reached skill level 1 in Translocations
  3956 | D:3      | Learned a level 3 spell: Inner Flame
  4188 | D:4      | Noticed Menkaure
  4360 | D:4      | Found an opulent altar of Gozag.
  4386 | D:4      | Found a shadowy altar of Dithmenos.
  4433 | D:5      | Entered Level 5 of the Dungeon
  4433 | D:5      | Noticed a sky beast
  4639 | D:4      | Found a blossoming altar of Fedhas.
  4822 | D:4      | Killed Menkaure
  5173 | D:4      | Found a blossoming altar of Fedhas.
  5229 | D:4      | Found a shadowy altar of Dithmenos.
  5254 | D:4      | Found an opulent altar of Gozag.
  5361 | D:4      | Reached skill level 1 in Evocations
  5361 | D:4      | Reached XP level 7. HP: 37/37 MP: 11/11
  5390 | D:4      | Reached skill level 5 in Slings
  5567 | D:5      | Reached *** piety under Fedhas
  5711 | D:5      | Found a stormy altar of Qazlal.
  5731 | D:5      | Reached skill level 5 in Stealth
  6407 | D:5      | Found a staircase to the Ecumenical Temple.
  7540 | D:6      | Reached XP level 8. HP: 38/42 MP: 13/13
  7819 | D:6      | Found Iraxas's Antique Weapon Emporium.
  7820 | D:6      | Noticed a +0 dagger
  7821 | D:6      | Found a hide-covered altar of Uskayaw.
  7821 | D:6      | Noticed a +0 hand axe
  7923 | D:6      | Found a runed translucent door.
  7945 | D:6      | Noticed Bergy's ghost (novice GrFi)
  8254 | D:6      | Learned a level 4 spell: Cause Fear
  8481 | D:6      | Found a bloodstained altar of Trog.
  8680 | D:7      | Reached skill level 6 in Slings
  9428 | D:7      | Reached skill level 5 in Hexes
  9668 | D:7      | Noticed a hippogriff
  9712 | D:7      | Reached **** piety under Fedhas
  9758 | D:7      | Killed a hippogriff
  9758 | D:7      | Reached skill level 5 in Fighting
  9836 | D:7      | Reached skill level 7 in Slings
 10067 | D:7      | Reached XP level 9. HP: 32/47 MP: 16/16
 10439 | D:7      | Noticed a two-headed ogre
 10497 | D:7      | Killed a two-headed ogre
 10497 | D:7      | Reached skill level 8 in Slings
 10497 | D:7      | Reached skill level 5 in Translocations
 10554 | D:7      | Found a basalt altar of Yredelemnul.
 10560 | D:7      | Found a shimmering blue altar of Sif Muna.
 11208 | D:8      | Found a shattered altar of Ashenzari.
 11428 | D:8      | Reached skill level 5 in Spellcasting
 11428 | D:8      | Reached skill level 5 in Evocations
 11828 | D:8      | Reached skill level 1 in Short Blades
 12700 | D:9      | Noticed a tengu conjurer
 12742 | D:9      | Found a staircase to the Lair.
 12771 | D:9      | Noticed a two-headed ogre
 12813 | D:8      | Reached XP level 10. HP: 51/51 MP: 18/18
 13260 | D:9      | Killed a two-headed ogre
 13260 | D:9      | Reached skill level 9 in Slings
 13654 | D:9      | Found a runed translucent door.
 13712 | D:9      | Noticed Ijyb
 14340 | D:9      | Blown up by Ijyb

Levels and vault maps discovered:
D:1:      roderic_crossed_star, layout_basic
D:2:      layout_basic, chequers_ecumenical_altar_simple_redux
D:3:      layout_loops_ring, nicolae_xom_altar_mimics, serial_undead,
          serial_undead_d, serial_undead_f, serial_undead_c, serial_undead_a,
          serial_undead_a, first_ration, gammafunk_ghost_mausoleum
D:4:      layout_rooms, nicolae_dithmenos_through_a_glass_darkly,
          fedhas_altar_4, kennysheep_little_box, item_on_display_a,
          uniq_menkaure
D:5:      layout_gridville, minmay_temple_entry_glassed_door, moated_statue,
          grunt_qazlal_sundering
D:6:      layout_loops_ring, dancing_weapons_uskayaw,
          lemuel_coloured_pillars_altar, ebering_ghost_sewer_d, serial_shops,
          shop
D:7:      layout_rooms, amethyst_overflow_temple_binary,
          chequers_serial_rivers_small_b
D:8:      minmay_bubble_buster, layout_loops_ring, grunt_pizzeria,
          minmay_misc_feat_chi, hangedman_decor_opposing, lemuel_statue_altar
D:9:      erik_cavepeople, layout_cave_pools, overflow_temple_1_default,
          lair_entry_dummy

Skill      XL: |  1  2  3  4  5  6  7  8  9 10 |
---------------+-------------------------------+-----
Stealth        | 2 3 4 6 7 8 |  8.6
Fighting       | 1 2 3 4 5 |  5.0
Slings         | 3 4 5 7 8 9 |  9.5
Invocations    | 1 2 |  2.6
Translocations | 1 3 4 5 |  5.7
Hexes          | 4 5 6 7 |  7.6
Spellcasting   | 2 4 5 6 |  6.7
Evocations     | 1 2 3 5 |  5.4
Short Blades   | 3 4 |  4.0
Dodging        | |  3.0
Shields        | |  0.7
Fire Magic     | |  0.8

Action                   |  1- 3 |  4- 6 |  7- 9 | 10-12 || total
-------------------------+-------+-------+-------+-------++-------
Melee: Dagger            |    19 |    57 |    75 |     2 ||   153
 Fire: Hunting sling     |   154 |   183 |   400 |       ||   737
       Fustibalus        |       |       |    11 |   142 ||   153
Throw: Stone             |     1 |       |     4 |       ||     5
       Dart              |       |    40 |    66 |    16 ||   122
 Cast: Portal Projectile |       |       |     4 |     2 ||     6
       Inner Flame       |       |       |     3 |     4 ||     7
       Corona            |       |       |       |     1 ||     1
Invok: Wall of Briars    |       |     1 |       |     2 ||     3
Evoke: Wand              |       |       |       |     3 ||     3
  Use: Potion            |     2 |       |       |       ||     2
       Scroll            |     1 |       |       |       ||     1
 Stab: Sleeping          |       |       |    10 |     2 ||    12
  Eat: Ration            |       |     1 |     3 |     1 ||     5
Armor: Robe              |     5 |    13 |    14 |       ||    32
Dodge: Dodged            |    58 |    93 |   191 |    21 ||   363
